 Dungeon Crawl Stone Soup version 0.24-a0-493-g7e4ddcd485 (webtiles) character file.

Game seed: 18227453578743778730

1281 Ge0ff the Destroyer (level 8, -2/43 HPs)
             Began as a Tengu Fire Elementalist on July 12, 2019.
             Was a Believer of Sif Muna.
             Shot with an arrow by a centaur (4 damage)
             ... on level 5 of the Dungeon.
             The game lasted 00:18:25 (5729 turns).

Ge0ff the Destroyer (Tengu Fire Elementalist)       Turns: 5729, Time: 00:18:25

Health: -2/43      AC:  3    Str:  9    XL:     8   Next: 54%
Magic:  15/15      EV: 31    Int: 18    God:    Sif Muna [**....]
Gold:   239        SH:  0    Dex: 14    Spells: 2/15 levels left

rFire    . . .     SeeInvis .   u - +0 spear {don't train}
rCold    . . .     Gourm    .   (no shield)
rNeg     . . .     Faith    .   a - +0 robe
rPois    +         Spirit   .   (helmet restricted)
rElec    .         Reflect  .   N - +0 cloak
rCorr    .         Harm     .   (no gloves)
MR       +....                  (boots unavailable)
Stlth    ++........             O - amulet of the acrobat
HPRegen  0.14/turn              I - ring of poison resistance
MPRegen  0.14/turn              R - ring of protection from magic {=R}

@: acrobat, flying quickly and evasively, quick
A: beak, talons 3, able to fly
a: Stop Flying, Channel Magic, Renounce Religion


You were on level 5 of the Dungeon.
You worshipped Sif Muna.
Sif Muna was pleased with you.
You were not hungry.

You visited 2 branches of the dungeon, and saw 6 of its levels.
You also visited: Sewer.

You collected 239 gold pieces.

Inventory:

Hand Weapons
 u - a +0 spear (weapon) {don't train}
 T - a +0 rapier {don't train}
 X - a +3 flail of draining {don't train}
Missiles
 x - 108 arrows
 K - 20 bolts
 L - 59 stones (quivered) {don't train}
 M - 4 javelins {don't train}
 W - 29 sling bullets {don't train}
Armour
 a - a +0 robe (worn)
 N - a +0 cloak (worn)
Jewellery
 A - an uncursed ring of resist corrosion
 I - a ring of poison resistance (left hand)
 O - an amulet of the acrobat (around neck)
 R - a ring of protection from magic (right hand) {=R}
Wands
 e - a wand of enslavement (7)
 f - a wand of flame (25)
Scrolls
 i - a scroll of identify
 C - 3 scrolls of remove curse
 D - a scroll of enchant armour {unknown}
 E - a scroll of fear
 F - a scroll of enchant weapon {unknown}
 S - a scroll of amnesia
 Y - a scroll of blinking {unknown}
 Z - a scroll of vulnerability {unknown}
Potions
 z - a potion of curing {unknown}
 B - a potion of agility {unknown}
 G - a potion of ambrosia {unknown}
 H - a potion of haste {!q}
 J - a potion of degeneration {unknown}
 P - a potion of brilliance {unknown}
 U - a potion of might {unknown}
 V - a potion of mutation {unknown}
Comestibles
 r - 12 rations


   Skills:
 - Level 1.0 Fighting
 - Level 3.0 Dodging
 - Level 2.0 Stealth
 + Level 4.2 Spellcasting
 * Level 8.3 Conjurations
 * Level 7.6 Fire Magic


You had 2 spell levels left.
You knew the following spells:

 Your Spells              Type           Power        Failure   Level  Hunger
d - Conjure Flame         Conj/Fire      ####....     1%          3    ###....
j - Sticky Flame          Conj/Fire      ####....     5%          4    ####...
k - Flame Tongue          Conj/Fire      ####.        1%          1    None
m - Fireball              Conj/Fire      ####......   16%         5    ######.

Your spell library contained the following spells:

 Spells                   Type           Power        Failure   Level  Hunger
 Throw Flame              Conj/Fire      ####..       1%          2    ##.....
 Inner Flame              Hex/Fire       ###.....     9%          3    ###....


Dungeon Overview and Level Annotations

Branches:
Dungeon (5/15)             Temple (1/1) D:4

Altars:
Cheibriados
Dithmenos
Elyvilon
Fedhas
Gozag
Hepliaklqana
Kikubaaqudgha
Makhleb
Nemelex Xobeh
Okawaru
Qazlal
Ru
Sif Muna
Trog
Uskayaw
Vehumet
Wu Jian
Xom
Yredelemnul
Zin
The Shining One

Shops:
D:4 :


Innate Abilities, Weirdness & Mutations

You have a beak for a mouth.
You have claws for feet.
You can fly continuously.


Message History

The flame tongue hits the iguana!
You kill the iguana!
Sif Muna accepts your kill.
B - a cyan potion Some of the chunks of flesh in your inventory have rotted away.
Magic restored.
A centaur comes into view.
The centaur shouts!
The centaur wields a +0 shortbow.
The centaur shoots an arrow.
The arrow hits you!
You see here an arrow.
The centaur shoots an arrow.
The arrow completely misses you.
All of the chunks of flesh in your inventory have rotted away.
The centaur shoots an arrow.
The arrow closely misses you.
The centaur shoots an arrow.
The arrow hits you!
You see here an arrow.
The centaur shoots an arrow.
The arrow hits you!
* * * LOW HITPOINT WARNING * * *
The centaur shoots an arrow.
The arrow hits you.
You die...

.#**.#*,,,,* *,****
## *,#,,,*** *,...#
.###,*,.#### *,...#
....,,,....######...#
.###.,,.........#...#
.###.###......#.#..c#
.......#.)....#.....#
##*#.#.#....(..##...#
.# #...........(@...#
.###.....####.......#
<........# #..((...#
.####....####....####
......###.#.####.#
####..* ##.#.# #.#
#..* #.#.## #.#
#..**##.#.###.#
#..,,,####....#


You could see a centaur.

Vanquished Creatures
  Grinder (D:4)
  Edmund (D:4)
  A sky beast (D:5)
  An ogre (D:4)
  Blork the orc (D:5)
  2 bullfrogs (Sewer)
  A howler monkey (D:4)
  2 orc priests
  2 hounds
  An orc wizard (D:3)
  2 iguanas
  A worker ant (D:5)
  A hound skeleton (D:4)
  13 adders
  12 oozes
  A worm (D:3)
  3 dart slugs
  21 leopard geckos
  11 orcs
  16 giant cockroaches
  6 goblins
  9 hobgoblins
  6 jackals
  2 quokkas
  6 ball pythons
  7 bats
  14 frilled lizards
  5 kobolds
  A leopard gecko skeleton (D:5)
  6 rats
156 creatures vanquished.

Notes
Turn   | Place    | Note
-------+----------+-------------------------------------------
     0 | D:1      | Ge0ff the Tengu Fire Elementalist began the quest for the
                  | Orb.
     0 | D:1      | Reached XP level 1. HP: 10/10 MP: 4/4
     6 | D:1      | Noticed a redback
     6 | D:1      | Noticed a wolf
     7 | D:1      | Noticed a swamp worm
     7 | D:1      | Noticed a salamander
   167 | D:1      | Reached skill level 2 in Conjurations
   167 | D:1      | Reached XP level 2. HP: 16/16 MP: 0/6
   723 | D:1      | Reached XP level 3. HP: 20/20 MP: 2/7
   729 | D:1      | Learned a level 3 spell: Conjure Flame
   895 | D:1      | Reached skill level 1 in Fighting
  1165 | D:2      | Reached skill level 3 in Conjurations
  1167 | D:2      | Reached XP level 4. HP: 22/25 MP: 2/8
  1623 | D:2      | Found a snail-covered altar of Cheibriados.
  1954 | D:3      | Gained mutation: You can fly continuously. [Tengu growth]
  1954 | D:3      | Reached XP level 5. HP: 17/29 MP: 5/10
  1994 | D:3      | Reached skill level 4 in Conjurations
  2306 | D:3      | Learned a level 4 spell: Sticky Flame
  2870 | D:4      | Reached skill level 5 in Fire Magic
  2874 | D:4      | Reached XP level 6. HP: 33/34 MP: 0/11
  3172 | D:4      | Noticed Grinder
  3179 | D:4      | Paralysed by Grinder for 7 turns
  3183 | D:4      | Killed Grinder
  3183 | D:4      | Reached skill level 5 in Conjurations
  3183 | D:4      | Reached XP level 7. HP: 12/38 MP: 2/12
  3414 | D:4      | Found a staircase to the Ecumenical Temple.
  3423 | Temple   | Entered the Ecumenical Temple
  3486 | Temple   | Became a worshipper of Sif Muna the Loreminder
  3562 | D:4      | Noticed Edmund
  3620 | D:4      | Killed Edmund
  3620 | D:4      | Reached skill level 6 in Conjurations
  3775 | D:4      | Found Ogrod's Book Boutique.
  3968 | D:4      | Found a sacrificial altar of Ru.
  4301 | D:5      | Entered Level 5 of the Dungeon
  4430 | D:5      | Found a glowing drain.
  4443 | Sewer    | Entered a sewer
  4447 | Sewer    | Reached skill level 7 in Conjurations
  4539 | Sewer    | Reached * piety under Sif Muna
  4622 | Sewer    | Reached XP level 8. HP: 43/43 MP: 11/14
  5251 | Sewer    | Reached ** piety under Sif Muna
  5474 | D:5      | Learned a level 5 spell: Fireball
  5514 | D:5      | Reached skill level 8 in Conjurations
  5603 | D:5      | Noticed Blork the orc
  5609 | D:5      | Killed Blork the orc
  5729 | D:5      | HP: 2/43 [centaur/arrow (17)]
  5729 | D:5      | Shot with an arrow by a centaur

Levels and vault maps discovered:
D:1:      onia_arrival_zoo_common, layout_basic
D:2:      layout_rooms, lemuel_statue_altar
D:3:      layout_basic, dk_vineyard_3, nrook_uturn
D:4:      layout_loops_cross, temple_pool_b, serial_shops, shop, first_ration,
          nicolae_ru_great_annihilating_truth, uniq_grinder, uniq_edmund
D:5:      layout_rooms, gup_sewer_entry_bubbles, minivault_24,
          uniq_blork_the_orc
Temple:   compressed_dpeg_triangle_lava_temple

Skill      XL: |  1  2  3  4  5  6  7  8 |
---------------+-------------------------+-----
Conjurations   | 2 3 4 5 7 8 |  8.3
Fighting       | 1 |  1.0
Fire Magic     | 4 5 6 7 |  7.6
Spellcasting   | 3 4 |  4.2
Dodging        | 3 |  3.0
Stealth        | |  2.0

Action                   |  1- 3 |  4- 6 |  7- 9 || total
-------------------------+-------+-------+-------++-------
Melee: Spear             |     9 |    17 |     2 ||    28
       Kick              |     3 |     1 |     1 ||     5
       Peck              |     1 |       |       ||     1
Throw: Dart              |    10 |    44 |     8 ||    62
       Javelin           |       |     5 |       ||     5
       Stone             |       |     1 |     2 ||     3
 Cast: Flame Tongue      |    48 |    59 |   122 ||   229
       Sticky Flame      |       |     4 |     6 ||    10
       Conjure Flame     |       |       |     2 ||     2
 Abil: Fly               |       |     1 |       ||     1
  Use: Scroll            |     3 |     3 |     3 ||     9
 Stab: Sleeping          |     1 |       |       ||     1
  Eat: Chunk             |     1 |     7 |     9 ||    17
Armor: Robe              |     4 |    16 |       ||    20
Dodge: Dodged            |    17 |    23 |    20 ||    60

Table legend:
 A = Non-vault XP
 B = Vault XP
 C = Vault XP percentage of total XP
 D = Non-vault monster count
 E = Vault monster count
 F = Vault count percentage of total count
                 A         B        C        D         E       F
            +---------+---------+-------+---------+---------+-------
      Total |     876 |     955 |  52.2 |      91 |      65 |  41.7
            +---------+---------+-------+---------+---------+-------
        D:1 |      50 |       0 |   0.0 |      25 |       0 |   0.0
        D:2 |      75 |       0 |   0.0 |      22 |       0 |   0.0
        D:3 |     147 |       0 |   0.0 |      18 |       0 |   0.0
        D:4 |     331 |     427 |  56.3 |      11 |       6 |  35.3
        D:5 |     273 |     124 |  31.2 |      15 |       8 |  34.8
      Sewer |       0 |     404 | 100.0 |       0 |      51 | 100.0
            +---------+---------+-------+---------+---------+-------

Levels and vault maps discovered:
D:1:      onia_arrival_zoo_common, layout_basic
D:2:      layout_rooms, lemuel_statue_altar
D:3:      layout_basic, dk_vineyard_3, nrook_uturn
D:4:      layout_loops_cross, temple_pool_b, serial_shops, shop, first_ration,
          nicolae_ru_great_annihilating_truth, uniq_grinder, uniq_edmund
D:5:      layout_rooms, gup_sewer_entry_bubbles, minivault_24,
          uniq_blork_the_orc
Temple:   compressed_dpeg_triangle_lava_temple
